 Dungeon Crawl Stone Soup version 0.27.1 (webtiles) character file.

Game seed: 17311801000426276734

7 comborobin the Ruffian (level 1, 2/19 HPs)
             Began as a Palentonga Chaos Knight on Aug 21, 2021.
             Was a Plaything of Xom.
             Quit the game on level 1 of the Dungeon.
             The game lasted 00:00:36 (60 turns).

comborobin the Ruffian (Palentonga Chaos Knight)      Turns: 60, Time: 00:00:36

Health: 2/19       AC:  6    Str: 15    XL:     1   Next: 83%
Magic:  1/1        EV:  9    Int: 12    God:    Xom [..*...]
Gold:   5          SH:  0    Dex:  9    Spells: 0/0 levels left

rFire    . . .     SeeInvis +     - Unarmed
rCold    . . .     Faith    .   (no shield)
rNeg     . . .     Spirit   .   a - +2 leather armour
rPois    .         Reflect  .   (no helmet)
rElec    .         Harm     .   (no cloak)
rCorr    .         Rampage  .   (no gloves)
Will     .....                  (no barding)
Stlth    +.........             (no amulet)
HPRegen  0.06/turn              (no ring)
MPRegen  0.07/turn              (no ring)

@: very slightly contaminated, invisible
A: large, rugged brown scales 3, see invisible, deformed body, roll 1, armoured
tail
a: Rolling Charge, Renounce Religion


You were on level 1 of the Dungeon.
You worshipped Xom.
You were a toy of Xom.
You visited 1 branch of the dungeon, and saw 1 of its levels.

You collected 5 gold pieces.

Inventory:

Armour
 a - a +2 leather armour (worn)


   Skills:
 - Level 3.0 Fighting
 - Level 1.5 Armour
 - Level 0.7 Dodging
 + Level 3.5 Unarmed Combat


You couldn't memorise any spells.
You didn't know any spells.
Your spell library was empty.

Dungeon Overview and Level Annotations

Branches:
Dungeon (1/15)

Altars:


Innate Abilities, Weirdness & Mutations

You are completely covered in rugged brown scales. (AC +3, +7% HP)
You have supernaturally acute eyesight. (SInv)
Armour fits poorly on your strangely shaped body.
You can roll at nearby foes to attack.
You have a long armoured tail.


Message History

You closely miss the jackal.
The jackal is severely wounded.
Your butterfly disappears in a puff of smoke!
The jackal barely misses you.
You barely miss the jackal. You tail-slap the jackal.
You kill the jackal!
The bat closely misses you. The bat barely misses you.
You hit the bat but do no damage. The bat hits you but does no damage.
You closely miss the bat. The bat closely misses you.
The kobold throws a stone.
The stone barely misses the bat.
The stone closely misses you.
You hit the bat.
You kill the bat!
You barely miss the quokka.
The quokka bites you but does no damage.
You hit the quokka but do no damage.
Your butterfly degenerates into a cloud of primal chaos!
The quokka closely misses you.
You hit the quokka.
The quokka is almost dead.
The quokka closely misses you.
You closely miss the quokka.
The quokka is almost dead.
The quokka closely misses you.
You closely miss the quokka.
The quokka is almost dead.
The quokka bites you but does no damage.
You hit the quokka.
You kill the quokka!
The kobold throws a stone.
The stone hits you but does no damage.
Things that are here:
a quokka corpse; a jackal corpse You are too injured to fight recklessly!
You are too injured to fight recklessly!
The kobold barely misses you.
You hit the kobold.
You kill the kobold!
Things that are here:
a +0 short sword; 2 stones; a kobold corpse Are you sure you want to abandon this character and quit the game? (Confirm with "yes".)

.. # ... #. #.# . #..
..)##.... ...#
##........ #
###.#.###.##.##..#. .
.....#.@.#........ ..
#.....##......##.#
#.#......)........#
#....##..........
#....##.....########
.....#.††....#.......#
###....#####...♣♣.♣♣..#
#..... #.♣♣♣♣.♣♣ .
........ >?♣♣♣♣∩.∩♣♣♣


There were no monsters in sight!

Vanquished Creatures
  A bat (D:1)
  2 jackals (D:1)
  A quokka (D:1)
  A ball python (D:1)
  A kobold (D:1)
6 creatures vanquished.

Notes
Turn   | Place    | Note
-------+----------+-------------------------------------------
     0 | D:1      | comborobin the Palentonga Chaos Knight began the quest for
                  | the Orb.
     0 | D:1      | Reached XP level 1. HP: 19/19 MP: 1/1
    25 | D:1      | XOM: butterfly on damage
    39 | D:1      | XOM: potion effect (invisibility)
    60 | D:1      | Quit the game

Illustrated notes

Levels and vault maps discovered:
D:1:      heliophobic_arrival_henge, layout_loops_ring,
          dreamdust_ecumenical_altar_statues

Action                   || total
-------------------------++-------
Melee: Unarmed           ||    33
       Tailslap          ||     2
Armor: Leather armour    ||    26
Dodge: Dodged            ||    26
